Map: Port Aleksander EC

Players

zidar - Winner!

  • Race: Zerg Zerg
  • League: Gold
  • Spawn Location: 11:00

wennd

  • Race: Terran Terran
  • League: Gold
  • Spawn Location: 5:00

VOD

Have the link to the VOD?

Description

Time

  • Played on: Jan. 3, 2019, 3:56 p.m.
  • Length: 22:16
Show
View Real Time Build Order
Export as new Build Order

zidar Zerg - Winner!

Build Orders: Hatch First 

Get SALT Encoding   

  12  0:01  Drone  
  13  0:12  Overlord  
  13  0:18  Drone  
  14  0:31  Drone x2  
  14  0:34  Drone  
  17  0:58  Hatchery  
  17  1:02  Drone  
  17  1:05  Extractor, Drone  
  17  1:23  Spawning Pool  
  16  1:26  Drone  
  17  1:42  Drone x2  
  17  1:45  Overlord  
  18  2:35  Zergling x2  
  18  2:36  Zergling x4  
  21  2:39  Queen x2  
  21  2:43  Metabolic Boost  
  25  2:47  Drone  
  26  3:05  Drone x4  
  30  3:13  Drone  
  31  3:22  Lair  
  31  3:30  Baneling Nest  
  30  3:41  Queen  
  30  3:46  Drone x3  
  35  3:50  Overlord  
  35  3:54  Drone  
  36  3:59  Extractor  
  36  4:00  Drone  
  35  4:27  Centrifical Hooks  
  35  4:37  Evolution Chamber  
  34  4:40  Evolution Chamber  
  33  4:50  Hatchery  
  32  5:05  Zerg Melee Weapons Level 1  
  32  5:06  Zerg Ground Armor Level 1  
  32  5:09  Zergling x2  
  32  5:10  Zergling x12  
  32  5:13  Overlord x3  
  39  5:29  Baneling x4  
  39  5:30  Baneling x2  
  39  5:35  Drone x4  
  43  5:41  Extractor  
  43  5:42  Extractor  
  41  5:58  Drone x4  
  41  6:01  Drone x3  
  48  6:21  Queen  
  50  6:28  Pneumatized Carapace  
  50  6:35  Infestation Pit  
  49  6:45  Spore Crawler  
  43  6:58  Queen  
  33  7:13  Drone  
  33  7:14  Drone x12  
  45  7:28  Drone x3  
  42  7:49  Drone x4  
  42  7:50  Drone x2  
  48  8:00  Extractor  
  48  8:02  Extractor  
  48  8:04  Spore Crawler  
  44  8:37  Zergling x2  
  44  8:38  Zergling x30  
  50  8:56  Spawning Pool  
  50  8:58  Baneling x8  
  50  9:01  Baneling x3  
  36  9:33  Drone x8  
  36  9:34  Drone x5  
  36  9:38  Drone x3  
  47  10:04  Zergling x10  
  52  10:17  Hatchery  
  51  10:23  Lair, Hatchery  
  50  10:54  Zergling x2  
  50  10:55  Zergling x18  
  50  10:56  Baneling x3  
  50  10:57  Baneling x5  
  56  11:36  Queen  
  45  11:52  Zergling x2  
  45  11:53  Zergling x30  
  60  12:29  Baneling x14  
  60  12:30  Baneling x4  
  60  12:40  Spire  
  46  13:34  Baneling Nest  
  45  13:35  Drone x2  
  45  13:37  Drone  
  48  13:57  Mutalisk x7  
  48  13:58  Mutalisk  
  55  14:59  Hatchery  
  52  15:28  Mutalisk x3  
  52  15:29  Mutalisk x3  
  64  15:38  Spawning Pool  
  63  16:01  Overlord x2  
  63  16:10  Drone x2  
  63  16:11  Drone x5  
  70  16:30  Queen  
  70  16:32  Queen  
  72  16:37  Zergling x8  
  78  17:04  Lair  
  72  17:28  Drone  
  72  17:29  Drone x11  
  84  18:05  Queen  
  84  18:09  Overlord x4  
  86  18:33  Extractor x2  
  84  18:36  Zergling x30  
  99  18:51  Infestation Pit  
  98  18:57  Zergling x12  
  98  19:00  Baneling x7  
  98  19:01  Baneling x4  
  104  19:03  Mutalisk x4  
  104  19:04  Mutalisk  
  114  19:33  Drone x5  
  114  19:38  Overlord x5  
  117  20:18  Evolution Chamber  
  110  20:37  Zergling x28  
  110  20:38  Zergling x22  
  109  21:31  Zergling x30  
Show
View Real Time Build Order
Export as new Build Order

wennd Terran 

Build Orders:  

Get SALT Encoding   

  12  0:03  SCV  
  13  0:17  Supply Depot  
  13  0:19  SCV  
  14  0:31  SCV  
  15  0:40  Supply Depot  
  15  0:43  SCV  
  15  0:45  Refinery  
  16  1:03  SCV  
  17  1:15  SCV  
  18  1:19  Engineering Bay  
  18  1:27  SCV  
  19  1:39  SCV  
  20  1:54  Command Center  
  20  2:08  Barracks  
  17  2:38  SCV  
  18  2:45  Refinery  
  18  2:50  SCV  
  19  2:54  Barracks  
  19  2:55  Barracks  
  19  2:58  Barracks  
  19  3:02  SCV  
  20  3:14  SCV  
  21  3:26  SCV  
  22  3:38  SCV  
  23  3:43  Factory  
  23  3:44  Marine x2  
  25  3:50  SCV  
  25  3:53  Marine  
  27  4:02  Marine  
  28  4:03  SCV  
  28  4:05  Supply Depot  
  28  4:08  Marine  
  30  4:11  Marine  
  31  4:26  Marine x2  
  31  4:27  SCV  
  31  4:28  Starport  
  34  4:34  Starport  
  34  4:35  Barracks Tech Lab  
  34  4:41  Supply Depot  
  34  4:44  Marine x2  
  34  4:45  Supply Depot  
  36  4:58  Liberator, Stimpack  
  36  5:02  Marine x2  
  36  5:05  Medivac  
  40  5:20  Marine  
  44  5:25  Marine  
  44  5:28  Marine  
  46  5:35  Supply Depot, Medivac  
  48  5:43  Marine  
  48  5:44  Marine  
  48  5:45  Marine  
  51  5:52  Terran Infantry Weapons Level 1  
  51  6:01  Marine x2  
  53  6:15  Marine  
  54  6:19  Marine x2  
  56  6:28  Widow Mine  
  58  6:33  Marine  
  58  6:37  Marine x2  
  61  6:49  Widow Mine  
  61  6:52  Liberator x2  
  63  6:55  Marine  
  48  7:05  Marine x2  
  50  7:13  Marine  
  57  7:22  Marine  
  57  7:23  Marine  
  59  7:31  Marine  
  57  8:01  Marine x3  
  60  8:07  Command Center  
  60  8:18  Marine  
  60  8:19  Marine x2  
  63  9:14  Marine x3  
  50  9:50  Marine  
  50  9:51  Marine x2  
  53  10:02  Medivac x2  
  57  10:08  Marine x2  
  57  10:09  Marine  
  60  10:15  Liberator x2  
  60  10:26  Marine x3  
  69  10:42  Supply Depot  
  69  10:44  Marine x3, Supply Depot  
  69  10:49  Barracks  
  72  10:50  SCV  
  73  11:02  Marine x3  
  73  11:03  SCV  
  77  11:15  SCV  
  78  11:19  Marine  
  79  11:27  SCV  
  80  11:39  SCV  
  65  12:02  Marine x4  
  67  12:10  Barracks  
  67  12:11  Medivac x2  
  67  12:19  Marine  
  67  12:20  Marine x3  
  62  12:22  SCV  
  62  12:34  SCV  
  63  12:37  Marine x2  
  63  12:38  Marine x2  
  67  12:47  SCV  
  68  12:55  Marine x3  
  68  12:56  Marine  
  72  12:59  SCV  
  71  13:11  SCV  
  66  13:13  Marine x4  
  66  13:24  Terran Infantry Armor Level 1  
  62  13:28  Marine  
  62  13:29  Liberator  
  62  13:31  Marine x4  
  62  13:33  Supply Depot  
  67  13:39  Orbital Command  
  67  13:46  Marine  
  71  13:49  Marine x4  
  75  13:55  Supply Depot  
  75  14:04  Marine  
  75  14:06  Marine  
  71  14:38  SCV  
  59  14:46  Supply Depot x2  
  59  14:47  Supply Depot  
  59  14:48  Bunker  
  59  14:50  SCV  
  54  15:02  SCV  
  55  15:14  SCV  
  55  15:16  Marine x5  
  58  15:26  SCV  
  59  15:34  Marine x4  
  63  15:38  SCV  
  63  15:42  Missile Turret  
  64  15:51  SCV  
  65  16:00  Refinery  
  65  16:01  Refinery  
  65  16:03  Missile Turret, SCV  
  66  16:06  Missile Turret  
  66  16:16  Starport Reactor x2  
  66  16:31  Orbital Command  
  66  16:43  Command Center  
  50  17:28  Viking  
  50  17:29  Viking x3  
  54  17:53  Missile Turret  
  54  17:54  Missile Turret  
  54  17:58  Viking  
  54  17:59  Planetary Fortress  
  56  18:05  Missile Turret  
  56  18:08  Missile Turret  
  56  18:17  Viking  
  58  18:36  SCV  
  59  18:43  Viking x3  
  59  18:47  Viking  
  67  18:48  SCV  
  68  18:58  SCV  
  68  19:00  SCV  
  70  19:09  Missile Turret  
  70  19:10  SCV  
  70  19:12  SCV  
  70  19:13  Missile Turret  
  72  19:22  Viking, SCV  
  72  19:23  Viking x3  
  81  19:25  SCV  
  82  19:32  Starport  
  82  19:37  SCV  
  83  19:49  SCV  
  84  19:52  Viking  
  84  19:53  Viking x3  
  84  19:54  Armory  
  92  20:32  Viking x3  
  92  20:33  Viking  
  100  20:41  Starport Reactor  
  34  21:41  Factory  
  34  21:44  Command Center  
  28  21:47  Command Center  
Tags
 
Add a new tag
Caveats
  • Supply blocks, unpowered buildings, or Contaminate may cause inaccurate times.
  • Supply counts are checked every 10 seconds.